 Dungeon Crawl Stone Soup version 0.28-a0-895-g6e5f11bd55 (webtiles) character file.

Game seed: 10579340766923592874

2519 pokeman the Thaumaturge (level 9, -6/48 HPs)
             Began as a Deep Elf Hedge Wizard on Nov 23, 2021.
             Was an Initiate of Vehumet.
             Mangled by Harold (18 damage)
             ... on level 7 of the Dungeon.
             The game lasted 00:24:06 (9684 turns).

pokeman the Thaumaturge (Deep Elf Hedge Wizard)     Turns: 9684, Time: 00:24:07

Health: -6/48      AC:  4    Str:  7    XL:     9   Next: 29%
Magic:  12/26      EV: 12    Int: 30    God:    Vehumet [......]
Gold:   219        SH:  0    Dex: 14    Spells: 15/31 levels left

rFire   . . .      SeeInvis .   u - +9 dagger "Woh Ump" {vorpal, Contam rElec Int+7}
rCold   + . .      Faith    .   (no shield)
rNeg    . . .      Spirit   .   a - +0 leather armour
rPois   .          Reflect  .   c - +0 hat
rElec   +          Harm     .   (no cloak)
rCorr   .          Rampage  .   H - +0 pair of gloves
Will    .....                   (no boots)
Stlth   ++........              (no amulet)
HPRegen 0.16/turn               E - ring of protection from cold
MPRegen 0.20/turn               (no ring)

@: marked
A: no striking features
a: Renounce Religion


You were on level 7 of the Dungeon.
You worshipped Vehumet.
Vehumet was noncommittal.
You visited 2 branches of the dungeon, and saw 8 of its levels.

You collected 243 gold pieces.
You spent 24 gold pieces at shops.

Inventory:

Hand Weapons
 q - a +2 dagger of venom
 u - the +9 dagger "Woh Ump" (weapon) {vorpal, Contam rElec Int+7}
   (You found it on level 4 of the Dungeon)

   It inflicts extra damage upon your enemies.
   Int:       It affects your intelligence (+7).
   rElec:     It insulates you from electricity.
   Contam:    It causes magical contamination when unequipped.
Missiles
 i - 91 arrows
 k - 28 bolts
 o - 2 curare-tipped darts
Armour
 a - a +0 leather armour (worn)
 c - a +0 hat (worn)
 H - a +0 pair of gloves (worn)
Magical Staves
 B - a staff of conjuration
Jewellery
 E - a ring of protection from cold (left hand)
 F - a ring of fire
Wands
 p - a wand of flame (14)
 y - a wand of paralysis (4)
Scrolls
 e - 12 scrolls of identify
 f - 2 scrolls of summoning {unknown}
 g - a scroll of holy word {unknown}
 h - 3 scrolls of teleportation {unknown}
 j - 2 scrolls of enchant armour {unknown}
 l - a scroll of acquirement {unknown}
 m - a scroll of silence {unknown}
 n - 3 scrolls of magic mapping {unknown}
 r - a scroll of amnesia {unknown}
 s - a scroll of blinking {unknown}
 G - a scroll of enchant weapon {unknown}
 J - a scroll of fog {unknown}
Potions
 b - 2 potions of magic {unknown}
 d - 3 potions of haste {unknown}
 t - 2 potions of heal wounds {unknown}
 v - a potion of invisibility {unknown}
 w - 3 potions of lignification {unknown}
 x - 2 potions of might {unknown}
 z - 6 potions of curing {unknown}
 A - a potion of mutation {unknown}
 C - a potion of flight {unknown}
 D - a potion of brilliance {unknown}
 I - a potion of cancellation {unknown}


   Skills:
 + Level 2.1 Fighting
 - Level 3.0 Armour
 - Level 3.1 Dodging
 - Level 3.0 Stealth
 * Level 11.7 Spellcasting
 + Level 6.0 Conjurations
 - Level 1.1 Summonings
 - Level 1.1 Translocations
 + Level 4.8 Fire Magic
 - Level 1.0 Ice Magic
 - Level 1.2 Air Magic
 - Level 1.2 Poison Magic
 - Level 1.0 Evocations


You had 15 spell levels left.
You knew the following spells:

 Your Spells              Type           Power      Damage    Failure   Level
a - Magic Dart            Conj           100%       1d8       1%          1
b - Mephitic Cloud        Conj/Pois/Air  34%        N/A       4%          3
c - Call Imp              Summ           24%        N/A       4%          2
d - Blink                 Tloc           48%        N/A       4%          2
e - Conjure Flame         Conj/Fire      50%        6-21      1%          3
f - Freezing Cloud        Conj/Ice/Air   17%        6-21      36%         5

Your spell library contained the following spells:

 Spells                   Type           Power      Damage    Failure   Level
 Slow                     Hex            68%        N/A       4%          1
 Ignite Poison            Fire/Tmut/Pois 29%        N/A       5%          3
 Manifold Assault         Tloc           24%        N/A       58%         5
 Storm Form               Tmut/Air       10%        N/A       100%        7


Dungeon Overview and Level Annotations

Branches:
Dungeon (7/15)             Temple (1/1) D:6

Altars:
Ashenzari
Cheibriados
Hepliaklqana
Nemelex Xobeh
Okawaru
Sif Muna
Trog
Vehumet
Xom
Yredelemnul
Zin
Lugonu

Shops:
D:1 (   D:2 ?   D:5 [   D:6 :

Annotations:
D:7 Harold


Message History

Aiming: Mephitic Cloud (dangerous; 4% risk of failure)
Press: ? - help, Shift-Dir - straight line, f - Harold
Aim: Harold, wielding a +0 trident, wearing a +0 chain mail and quivering 2 throwing nets (chance to affect: 58%)
The ball explodes into a vile cloud!
The stinking cloud engulfs Harold but does no damage.
Harold is engulfed in noxious fumes.
Harold appears confused.
Unknown command.
Harold hits you with a +0 trident!
You hit Harold but do no damage.
Harold is lightly wounded.
You feel stable enough to blink again. Harold hits you with a +0 trident!
* * * LOW HITPOINT WARNING * * *
Unknown command.
Harold is engulfed in noxious fumes.
Harold laughs at nothing.
Harold is engulfed in noxious fumes.
Harold appears confused.
Casting: Mephitic Cloud (dangerous; 4% risk of failure)
Confirm with . or Enter, or press ? or * to list all spells.
You blink.
Casting: Blink (safe; 4% risk of failure)
Confirm with . or Enter, or press ? or * to list all spells.
Aiming: Mephitic Cloud (dangerous; 4% risk of failure)
Press: ? - help, Shift-Dir - straight line, f/p - Harold
Aim: Harold, wielding a +0 trident, wearing a +0 chain mail and quivering 2 throwing nets (lightly wounded, confused, chance to affect: 58%)
The ball explodes into a vile cloud!
The stinking cloud engulfs Harold but does no damage.
Harold is lightly wounded.
Harold seems less confused.
Harold is engulfed in noxious fumes.
Harold appears confused.
Unknown command.
Harold is engulfed in noxious fumes.
Harold appears confused.
Casting: Mephitic Cloud (dangerous; 4% risk of failure)
Confirm with . or Enter, or press ? or * to list all spells.
A beastly little devil appears in a puff of flame.
You feel stable enough to blink again.
Harold is engulfed in noxious fumes.
Unknown command.
Harold hits you with a +0 trident!!
You die...

### ### ...### ###.##
### ...... #....# ##.#
......# ##...# #..#
.......######...# ##.##
..........@○○☼..# #..#
..........@5○○..####.##
........#######☼§##..#
#..)....# ##<...##
#.......# ##..#..##
##....$## ##..###..##
##...# #..## ##.>##
#..# ##..# ##..## ###
##..## ##..#


You could see Harold (confused, ally target) and a friendly crimson imp
(summoned).

Vanquished Creatures
  Grinder (D:6)
  Eustachio (D:5)
  Menkaure (D:6)
  A water moccasin (D:6)
  Pargi (D:4)
  A black bear (D:5)
  A sky beast (D:6)
  A necrophage (D:5)
  An orc warrior (D:7)
  2 ogres
  A phantom (D:4)
  3 bullfrogs
  2 scorpions
  3 howler monkeys (D:7)
  2 hounds
  A jelly (D:5)
  3 orc priests (D:4)
  2 bullfrog skeletons (D:6)
  3 iguanas
  A centaur skeleton (D:4)
  6 orc wizards
  A scorpion zombie (D:5)
  A killer bee zombie (D:5)
  3 howler monkey zombies (D:6)
  5 gnolls
  A howler monkey skeleton (D:6)
  4 adders
  A white imp (D:7)
  2 worms
  3 dart slugs
  31 orcs
  12 ball pythons
  10 endoplasms
  2 giant cockroaches
  13 goblins
  7 hobgoblins
  6 quokkas
  6 bats
  3 frilled lizards
  3 kobolds
  A quokka skeleton (D:4)
  6 rats
159 creatures vanquished.

Vanquished Creatures (collateral kills)
  An orc wizard (D:6)
1 creature vanquished.

Vanquished Creatures (others)
  A fungus (D:1)
1 creature vanquished.

Grand Total: 161 creatures vanquished

Notes
Turn   | Place    | Note
-------+----------+-------------------------------------------
     0 | D:1      | pokeman the Deep Elf Hedge Wizard began the quest for the
                  | Orb.
     0 | D:1      | Reached XP level 1. HP: 10/10 MP: 7/7
   394 | D:1      | Found a faded altar of an unknown god.
   435 | D:1      | Reached XP level 2. HP: 15/15 MP: 7/9
   452 | D:1      | Found Ennivatu's Weapon Boutique.
   608 | D:1      | Reached skill level 5 in Spellcasting
  1513 | D:2      | Reached XP level 3. HP: 19/19 MP: 6/11
  1517 | D:2      | Learned a level 3 spell: Mephitic Cloud
  1520 | D:2      | Learned a level 2 spell: Call Imp
  1523 | D:2      | Learned a level 2 spell: Blink
  1527 | D:2      | Learned a level 3 spell: Conjure Flame
  2176 | D:2      | Found Ararum's Magic Scroll Emporium.
  2177 | D:2      | Found a bloodstained altar of Trog.
  2184 | D:2      | Bought a scroll of identify for 24 gold pieces
  2635 | D:2      | Reached skill level 6 in Spellcasting
  2635 | D:2      | Reached XP level 4. HP: 17/24 MP: 8/14
  3171 | D:3      | Found an iron altar of Okawaru.
  3610 | D:3      | Found a basalt altar of Yredelemnul.
  3765 | D:3      | Reached XP level 5. HP: 28/28 MP: 12/16
  3823 | D:3      | Found a shimmering altar of Xom.
  3823 | D:3      | Found a shimmering altar of Xom.
  3825 | D:3      | Found a shimmering altar of Xom.
  3825 | D:3      | Found a shimmering altar of Xom.
  3826 | D:3      | Found a shimmering altar of Xom.
  3880 | D:3      | Found a hazy altar of Hepliaklqana.
  3961 | D:3      | Found a shimmering altar of Xom.
  4000 | D:3      | Found a shimmering altar of Xom.
  4000 | D:3      | Found a shimmering altar of Xom.
  4001 | D:3      | Found a shimmering altar of Xom.
  4105 | D:3      | Found a broken altar of Ashenzari.
  4194 | D:4      | Reached skill level 1 in Fighting
  4194 | D:4      | Reached skill level 7 in Spellcasting
  4254 | D:4      | Noticed Pargi
  4269 | D:4      | Killed Pargi
  4270 | D:4      | Reached skill level 1 in Evocations
  4270 | D:4      | Reached XP level 6. HP: 34/34 MP: 8/18
  4447 | D:4      | Identified the +9 dagger "Woh Ump" {vorpal, Contam rElec
                  | Int+7}
  4522 | D:4      | Reached skill level 1 in Armour
  4526 | D:4      | Reached skill level 1 in Fire Magic
  4612 | D:4      | Reached skill level 8 in Spellcasting
  4986 | D:4      | Found a snail-covered altar of Cheibriados.
  5158 | D:4      | Reached skill level 1 in Air Magic
  5158 | D:4      | Reached skill level 1 in Poison Magic
  5158 | D:4      | Reached XP level 7. HP: 30/38 MP: 15/20
  5887 | D:4      | You fall into a shaft and drop 3 floors!
  6051 | D:6      | Reached skill level 9 in Spellcasting
  6213 | D:5      | Entered Level 5 of the Dungeon
  6325 | D:5      | Reached XP level 8. HP: 41/44 MP: 13/23
  6659 | D:5      | Noticed Eustachio
  6681 | D:5      | Killed Eustachio
  6682 | D:5      | Reached skill level 10 in Spellcasting
  7169 | D:5      | Reached skill level 5 in Conjurations
  7251 | D:5      | Found Kebb's Armour Emporium.
  7627 | D:6      | Found a shimmering blue altar of Sif Muna.
  7669 | D:6      | Noticed Grinder
  7684 | D:6      | Paralysed by Grinder for 7 turns
  7701 | D:6      | Killed Grinder
  7927 | D:6      | Found Qoupt's Book Boutique.
  8017 | D:6      | Reached skill level 11 in Spellcasting
  8082 | D:6      | Found a staircase to the Ecumenical Temple.
  8128 | Temple   | Entered the Ecumenical Temple
  8144 | Temple   | Became a worshipper of Vehumet
  8184 | D:6      | Noticed Menkaure
  8201 | D:6      | Killed Menkaure
  8202 | D:6      | Reached XP level 9. HP: 26/48 MP: 16/26
  8453 | D:6      | Learned a level 5 spell: Freezing Cloud
  8877 | D:7      | Reached skill level 1 in Ice Magic
  9652 | D:7      | Noticed Harold
  9684 | D:7      | Mangled by Harold

Illustrated notes

Levels and vault maps discovered:
D:1:      dpeg_cavernosity, layout_basic,
          shapermc_ecumenical_altar_mp_highgroup, serial_shops, shop
D:2:      minmay_recursive_quarters, layout_loops_ring, basic_altar,
          serial_shops, shop
D:3:      layout_rooms, xom_redecorated, nicolae_overflow_crystal_walls,
          lemuel_round_altar, mainiacjoe_overflow_six_doors_small,
          okawaru_altar_gauntlet_db, minmay_bisected
D:4:      kennysheep_big_flooded_room, layout_basic, cheibriados_altar_1,
          kennysheep_cross_room, hangedman_glass_teeth, nrook_campfire,
          uniq_pargi
D:5:      layout_basic, serial_shops, nicolae_lakefront_shop, uniq_eustachio
D:6:      layout_rooms, mainiacjoe_overflow_brackets,
          minmay_temple_entry_statues_pillars, serial_curves, eino_curves_01,
          eino_curves_01, serial_shops, shop, uniq_grinder, uniq_menkaure
D:7:      layout_cave_pods, uniq_harold
Temple:   kb_corrupted_temple

Skill      XL: |  1  2  3  4  5  6  7  8  9 |
---------------+----------------------------+-----
Spellcasting   | 5 6 7 8 9 11 | 11.7
Stealth        | 3 |  3.0
Conjurations   | 2 3 4 5 6 |  6.0
Fighting       | 1 2 |  2.1
Dodging        | 3 |  3.1
Evocations     | 1 |  1.0
Armour         | 1 2 3 |  3.0
Fire Magic     | 1 2 4 |  4.8
Air Magic      | 1 |  1.2
Poison Magic   | 1 |  1.2
Ice Magic      | 1 |  1.0
Summonings     | |  1.1
Translocations | |  1.1

Action                   |  1- 3 |  4- 6 |  7- 9 || total
-------------------------+-------+-------+-------++-------
Melee: Whip              |    21 |     1 |       ||    22
       Dagger            |       |    21 |    65 ||    86
 Cast: Magic Dart        |   102 |   134 |   159 ||   395
       Mephitic Cloud    |     2 |     6 |    13 ||    21
       Conjure Flame     |       |     2 |    13 ||    15
       Blink             |       |       |     5 ||     5
       Call Imp          |       |       |     4 ||     4
 Stab: Confused          |     1 |     2 |     4 ||     7
Armor: Leather armour    |     4 |     4 |     6 ||    14
Dodge: Dodged            |    25 |    24 |    35 ||    84

Table legend: (Time is in decaauts)
 A = Elapsed time spent in this place.
 B = Non-inter-level travel time spent in this place.
 C = Inter-level travel time spent in this place.
 D = Time resting spent in this place.
 E = Time spent auto-exploring this place.
 F = Levels seen in this place.
 G = Mean time per level.
                   A        B        C        D        E       F      G
               +--------+--------+--------+--------+--------+-----+--------+
         Total |   9704 |   9382 |    322 |    728 |   7384 |   8 | 1213.0 |
       Dungeon |   9672 |   9365 |    307 |    728 |   7375 |   7 | 1381.7 |
        Temple |     32 |     17 |     15 |      0 |      9 |   1 |   32.0 |
               +--------+--------+--------+--------+--------+-----+--------+

Top non-repeatable levels by time:
     D:4: 2227 daAuts
     D:2: 1565 daAuts
     D:1: 1402 daAuts
     D:6: 1227 daAuts
     D:3: 1175 daAuts
     D:7: 1156 daAuts
     D:5: 918 daAuts
  Temple: 32 daAuts
